Cogmind - Beta 9.3 @@@ ROGUE MODE // 2019.12.19 @ 17:40:03 Player: YtnomSnrub Result: Destroyed by Y-45 Defender with Heavy Assault Rifle Performance ------------- Evolutions (1) 500 Regions Visited (2) 400 Robots Destroyed (14) 70 Value Destroyed (266) 266 Prototype IDs (2) 40 Alien Tech Used (0) 0 Bonus (0) 0 TOTAL SCORE: 1276 Bonus ------- None Cogmind --------- Core Integrity 0/400 Matter 279/300 Energy 100/100 System Corruption 0% Temperature Cool (9) Movement Core (300) Ox5 Location -9/Materials Parts ------- > --- POWER (1) -------- (None) > --- PROPULSION (2) --- (None) > --- UTILITY (4) ------ Large Storage Unit Signal Interpreter > --- WEAPON (2) ------- (None) > --- INVENTORY (10) --- Large Storage Unit Large Storage Unit Large Storage Unit Visual Processing Unit Transport Network Coupler Hardened Light Armor Plating Peak State ------------ > --- POWER ------------ Light Ion Engine > --- PROPULSION ------- Wheel Wheel > --- UTILITY ---------- Large Storage Unit Large Storage Unit Sensor Array Signal Interpreter > --- WEAPON ----------- Particle Gun Light Assault Rifle > --- INVENTORY -------- Light Treads Light Treads Hover Unit Hover Unit Flight Unit Large Storage Unit Large Storage Unit Visual Processing Unit Transport Network Coupler ECM Suite EM Pulse Gun [Rating: 11] Favorites ----------- Power Light Ion Engine Engine Light Ion Engine Propulsion Wheel Wheel Wheel Hover Unit Hover Unit Flight Unit Flight Unit Utility Large Storage Unit Device ECM Suite Storage Large Storage Unit Processor Signal Interpreter Weapon EM Pulse Gun Energy Gun EM Pulse Gun Ballistic Gun Light Assault Rifle Special Melee Weapon Datajack Build | -11 -10 -9 ------- Run | Scr Mat Mat Slots Evolved 2 | . . 2 Power . | . . . Propulsion . | . . . Utility 2 | . . 2 Weapon . | . . . Parts Attached 35 | 7 18 10 Power 4 | 1 2 1 Engine 4 | 1 2 1 Core . | . . . Reactor . | . . . Propulsion 9 | 2 3 4 Treads . | . . . Leg . | . . . Wheel 5 | 2 3 . Hover 3 | . . 3 Flight 1 | . . 1 Utility 8 | 1 4 3 Device 3 | . 1 2 Storage 4 | 1 3 . Processor 1 | . . 1 Hackware . | . . . Protection . | . . . Artifact . | . . . Weapon 14 | 3 9 2 Energy Gun 11 | 3 7 1 Energy Cannon . | . . . Ballistic Gun 2 | . 2 . Ballistic Cannon . | . . . Launcher . | . . . Special Weapon . | . . . Impact Weapon . | . . . Slashing Weapon . | . . . Piercing Weapon . | . . . Special Melee Weapon 1 | . . 1 Unidentified Prototypes . | . . . Parts Lost 17 | . 6 11 Power 2 | . 1 1 Propulsion 5 | . 1 4 Utility 2 | . . 2 Weapon 8 | . 4 4 Highest Loss Streak 9 | . 6 9 Average Slot Usage (%) 88 | . 95 80 Engine 11 | . 14 7 Wheel 14 | . 27 . Hover 7 | . . 16 Device 7 | . . 14 Storage 18 | . 25 11 Processor 5 | . . 10 Energy Gun 15 | . 22 7 Ballistic Gun 6 | . 4 8 Naked Turns . | . . . Heaviest Build 40 | 11 39 40 Greatest Support 20 | 20 20 20 Greatest Overweight (x) 5 | . 3 5 Average Overweight (x) 1 | . . 2 Largest Inventory Capacity 16 | 6 16 16 Average Capacity 11 | 5 13 10 Most Carried 16 | 6 16 13 Average Carried 9 | 5 11 8 Final Capacity 16 | 6 16 10 Final Carried 13 | 6 13 6 Class Distribution -------------------- 58% | Mutant 41% | Scavenger-Mutant Dominant Class ---------------- Mutant | -10/Materials Scavenger-Mutant | -9/Materials Resources | -11 -10 -9 ----------- Run | Scr Mat Mat Matter Collected 486 | 217 218 51 Remotely . | . . . Salvage Created 362 | . 298 64 Parts 31 | . 22 9 Haulers Intercepted 1 | . 1 . Recyclers Shooed . | . . . Parts Field Recycled . | . . . Retrieved Matter . | . . . Parts Self-Destructed . | . . . Prevented . | . . . Kills | -11 -10 -9 ------- Run | Scr Mat Mat Combat Hostiles Destroyed 11 | . 7 4 Guns 9 | . 5 4 AOE 2 | . 2 . Classes Destroyed 5 | . 4 1 Hauler 1 | . 1 . Operator 1 | . . 1 Watcher 1 | . 1 . Swarmer 7 | . 3 4 Grunt 4 | . 4 . Best Kill Streak 3 | . 3 3 Combat Bots Only 3 | . 3 3 Max Kills in Single Turn 2 | . 2 1 Gunslinging . | . . . Exploded 2 | . 2 . Melee . | . . . Uniques/NPCs Destroyed . | . . . Combat | -11 -10 -9 -------- Run | Scr Mat Mat Damage Taken 1363 | . 519 844 Core 451 | . 50 401 Absorbed by Shields . | . . . Core Remaining (%) 90 | 100 80 . Volleys Fired 60 | . 30 30 Largest 2 | . 2 2 Hottest 100 | . 100 85 Shots Fired 94 | . 44 50 Gun 94 | . 44 50 Cannon . | . . . Launcher . | . . . Special . | . . . Kinetic 42 | . 15 27 Thermal 29 | . 9 20 Explosive . | . . . Electromagnetic 23 | . 20 3 Robot Hit Streak 11 | . 8 11 Robot Miss Streak 5 | . 2 5 Penetration Max . | . . . Secondary Targets . | . . . Shots Hit Robots 62 | . 32 30 Core Hits 22 | . 15 7 Critical Hits . | . . . Critical Kills . | . . . Critical Parts Destroyed . | . . . Melee Attacks 2 | . . 2 Impact . | . . . Slashing . | . . . Piercing . | . . . Sneak Attacks . | . . . Combat Hostiles . | . . . Follow-up Attacks . | . . . Damage Inflicted 763 | . 446 317 Guns 655 | . 338 317 Cannons . | . . . Explosions 108 | . 108 . Melee . | . . . Ramming . | . . . Kinetic 196 | . 91 105 Thermal 411 | . 220 191 Explosive . | . . . Electromagnetic 156 | . 135 21 Impact . | . . . Slashing . | . . . Piercing . | . . . Highest Corruption . | . . . Average Corruption . | . . . Corruption Purged . | . . . Overload Shots . | . . . Overflow Damage . | . . . Projectiles . | . . . Explosions . | . . . Melee . | . . . Knockbacks . | . . . Impact . | . . . Kinetic . | . . . Secondary . | . . . Self-Inflicted Damage 55 | . 55 . Shots 2 | . 2 . Rammed . | . . . Targets Rammed . | . . . Kicked . | . . . Crushed . | . . . Highest Temperature 447 | . 209 447 Average Temperature 141 | . 62 218 Received Heat Transfer 414 | . 225 189 Effects 5 | . . 5 Shutdowns 2 | . . 2 Energy Bleed 2 | . . 2 Damage (minor) 1 | . . 1 Siege Activations . | . . . Robots Corrupted . | . . . Combat Hostiles . | . . . Parts Fried 1 | . 1 . Impact Corruptions . | . . . Robots Melted . | . . . Combat Hostiles . | . . . Parts Melted 2 | . . 2 Heat Transferred 877 | . 433 444 Parts Sabotaged . | . . . Parts Stolen . | . . . Parts Stripped . | . . . Power Chain Reactions 2 | . 2 . Missiles Intercepted . | . . . Alert | -11 -10 -9 ------- Run | Scr Mat Mat Peak Influence 153 | . 153 110 Average Influence 37 | . 52 30 Maximum Alert Level . | . . . Low Security (%) 100 | 100 100 100 Level 1 . | . . . Level 2 . | . . . Level 3 . | . . . Level 4 . | . . . Level 5 . | . . . High Security . | . . . Max Security . | . . . Squads Dispatched . | . . . Investigation . | . . . Extermination . | . . . Reinforcement . | . . . Assault . | . . . Garrison . | . . . Intercept . | . . . Construction Impeded . | . . . Haulers Reinforced . | . . . Stealth | -11 -10 -9 --------- Run | Scr Mat Mat Distress Signals . | . . . Communications Jammed . | . . . Distress Signals . | . . . Times Spotted 17 | . 9 8 Peak Tracking Total 7 | . 3 7 Tactical Retreats 1 | . . 1 Traps | -11 -10 -9 ------- Run | Scr Mat Mat Traps Triggered . | . . . Indirectly . | . . . Trap Hack Attempts . | . . . Triggered . | . . . Disarmed . | . . . Reprogrammed . | . . . Reused . | . . . Traps Extracted . | . . . Installed . | . . . Triggered . | . . . Machines | -11 -10 -9 ---------- Run | Scr Mat Mat Machines Disabled . | . . . Max in Single Turn . | . . . Machines Sabotaged . | . . . Garrisons Compromised . | . . . Overloaded Fab Kills . | . . . Fab Network Shutdowns . | . . . Hacking | -11 -10 -9 --------- Run | Scr Mat Mat Machines Accessed 7 | . 3 4 Terminals 6 | . 3 3 Fabricators . | . . . Repair Stations 1 | . . 1 Recycling Units . | . . . Scanalyzers . | . . . Garrison Access . | . . . Total Hacks 21 | . 9 12 Successful 15 | . 5 10 Failed 6 | . 4 2 Catastrophic . | . . . Database Lockouts . | . . . Manual 9 | . 6 3 Terminals 19 | . 9 10 Fabricators . | . . . Repair Stations 2 | . . 2 Recycling Units . | . . . Scanalyzers . | . . . Garrison Access . | . . . Terminal Hacks 8 | . 2 6 Record 3 | . . 3 Prototype ID Bank 1 | . 1 . Alert Level 1 | . . 1 Unreport Threat 1 | . . 1 Reinforcement Status 1 | . . 1 Zone Layout 1 | . 1 . Fabricator Hacks . | . . . Repair Station Hacks 2 | . . 2 Scan Component 1 | . . 1 Repair 1 | . . 1 Recycling Unit Hacks . | . . . Scanalyzer . | . . . Garrison Access Hacks . | . . . Unauthorized Hacks 14 | . 9 5 Terminals 5 | . 3 2 Botnet 5 | . 3 2 Fabricators . | . . . Repair Stations . | . . . Recycling Units . | . . . Scanalyzers . | . . . Garrison Access . | . . . Data Cores Recovered 1 | . . 1 Used 1 | . . 1 Hacking Detections 7 | . 3 4 Full Trace Events . | . . . Feedback Events . | . . . Feedback Blocked . | . . . Robot Schematics Acquired . | . . . Robots Built . | . . . Matter . | . . . Time . | . . . Total Robot Build Rating . | . . . Part Schematics Acquired . | . . . Parts Built . | . . . Matter . | . . . Time . | . . . Total Part Build Rating . | . . . Parts Repaired 1 | . . 1 Time 13 | . . 13 Parts Recycled . | . . . Recycled Matter . | . . . Retrieved Matter . | . . . Retrieved Components . | . . . Parts Scanalyzed . | . . . Part Schematics Acquired . | . . . Parts Damaged . | . . . Bothacking | -11 -10 -9 ------------ Run | Scr Mat Mat Used RIF Installer . | . . . Robots Hacked 1 | . . 1 Non-combat . | . . . Combat 1 | . . 1 Robot Hacks Applied 1 | . . 1 parse_system 1 | . . 1 Relay Couplers Released . | . . . Robots Rewired . | . . . Allies Hacked . | . . . Hacks Repelled . | . . . Allies | -11 -10 -9 -------- Run | Scr Mat Mat Total Allies . | . . . Largest Group . | . . . Highest-Rated Group . | . . . Highest-Rated Ally . | . . . Total Orders . | . . . Ally Attacks . | . . . Total Damage . | . . . Kills . | . . . Allies Corrupted . | . . . Allies Melted . | . . . Intel | -11 -10 -9 ------- Run | Scr Mat Mat Robot Analysis Total . | . . . Derelict Logs Recovered . | . . . Drone Launches . | . . . Drone Recoveries . | . . . Exploration | -11 -10 -9 ------------- Run | Scr Mat Mat Turns Passed 967 | 113 452 402 Spaces Moved 544 | 53 344 147 Core 22 | 13 . 9 Treads . | . . . Legs . | . . . Wheels 389 | 40 344 5 Hover 122 | . . 122 Flight 11 | . . 11 Fastest Speed 50 | 50 80 90 Average Speed 113 | 72 87 189 Slowest Speed 300 | 80 110 300 Overloaded Moves . | . . . Propulsion Burnouts . | . . . Robots Hopped . | . . . Cave-ins Triggered . | . . . Exploration Rate (%) 23 | 5 54 12 Regions Visited 2 Branch Regions . Pre-discovered Areas . | . . . Known Exits Taken . | . . . Unknown Exits Taken 2 | 1 1 . Scrap Searched . | . . . Spaces Dug . | . . . Terrain Destroyed 6 | . 6 . Melee . | . . . Projectile . | . . . AOE 6 | . 6 . Actions | -11 -10 -9 --------- Run | Scr Mat Mat Total 804 | 123 455 226 Wait 115 | 58 29 28 Move 542 | 52 343 147 Hop . | . . . Pick Up 34 | 6 23 5 Fast Attach 10 | 6 2 2 Attach 11 | . 5 6 Detach . | . . . Swap 14 | 1 11 2 Drop 16 | . 12 4 Fire 60 | . 30 30 Melee 2 | . . 2 Ram . | . . . Kick . | . . . Crush . | . . . Escape Stasis . | . . . Rewire . | . . . Trap . | . . . Miscellaneous . | . . . Route ------- -11/Scrapyard -10/Materials (discovered 3 exits: *Mat x2 / [*Min]) -9/Materials History --------- Turn | Location | Event 5 | -11/Scrapyard | Discovered new exit (range 14) 114 | -11/Scrapyard | Entered Materials 170 | -10/Materials | Discovered new exit (range 11) 306 | -10/Materials | Build established: Mutant 398 | -10/Materials | Discovered new exit (range 6) 515 | -10/Materials | Lost 6 parts (1p1n4w) 552 | -10/Materials | Discovered new exit (range 16) 566 | -10/Materials | Entered another Materials area 566 | -9/Materials | Evolved 2 slots: Utility x2 606 | -9/Materials | Repaired Lgt. Ion Engine 762 | -9/Materials | Build established: Scavenger-Mutant 897 | -9/Materials | Core integrity fell below 50% 943 | -9/Materials | Lost 9 parts (1p3n1u4w) 952 | -9/Materials | Core integrity fell below 20% 968 | -9/Materials | Destroyed by Y-45 Defender with Heavy Assault Rifle Last Messages --------------- 00836_ Acquired 6 matter. 00843_ Power failure, Lgt. Ion Engine shutdown. 00845_ Overheating: Hover Unit damaged (-3). 00846_ Particle Gun destroyed. 00846_ Hover Unit destroyed. 00851_ Overheating: Energy bleed (-2). 00851_ Lgt. Ion Engine destroyed. 00867_ Hover Unit destroyed. 00876_ Lgt. Assault Rifle destroyed. 00882_ EM Pulse Gun destroyed. 00883_ R-06 Scavenger collects Lgt. Assault Rifle. 00885_ ECM Suite destroyed. 00886_ R-06 Scavenger collects Lgt. Ion Engine. 00892_ R-06 Scavenger collects Flight Unit. 00894_ Jacked Y-45 Defender... >>parse_system Reading system data... 00904_ Datajack destroyed. 00912_ Hover Unit destroyed. 00943_ Flight Unit destroyed. Map ----- +----------------------------------------------------+ | | | | | | | | | | | | | | | | | | | | | | | | | | | | | | | ######??##########################???????????????? | | #??# # #???????????????? | | #??# + """" #???????????????? | | """ #??# !! # """ ""S"" #???????????????? | | """ #??# !! # """ "" "" #???????????????? | | """ #??# !! # """ #???????????????? | | #??##########/### #???????????????? | | ##########T#T### # #???????????????? | | ####+########## ????????? | | #?# % ?????????? | | ### @ ###????????????????? | | #####+########## Y #??????????????????? | | # ####### #??????????????????? | | # # # r #??????????????????? | | # """ """ # # #??????????????????? | | # """ """ # + #??????????????????? | | # """ """ # # #??????????????????? | | # # """ # ####??????????????????? | | # # """ # #?????????????????????? | | # # """ #########+##?????????????????????? | | ########### #???????? ??????????????????????? | | ??????????# """ #????????"""?????????????????????? | | ??????????# """ #????????"""?????????????????????? | | ??????????# """ #????????????????????????????????? | | ??????????# #????????????????????????????????? | | ??????????#######????????????????????????????????? | | ?????????????????????????????????????????????????? | | ?????????????????????????????????????????????????? | | ?????????????????????????????????????????????????? | | ?????????????????????????????????????????????????? | | ?????????????????????????????????????????????????? | | ?????????????????????????????????????????????????? | | ?????????????????????????????????????????????????? | | ?????????????????????????????????????????????????? | | ?????????????????????????????????????????????????? | +----------------------------------------------------+ Best States ------------- Heat Dissipation 28 Energy Generation 10 Energy Capacity 125 Matter Stores 300 Matter Capacity 500 Sight Range 16 Robot Scan Range 10 Terrain Scan Density 10 ECM Strength 1 Evasion (%) 50 Item Schematics ----------------- None Robot Schematics ------------------ None Fabricated ------------ Nothing Alien Tech Used ----------------- None Achievements -------------- Quantum Hacking Challenges ------------ None Game ------ Seed StormPhaseStorage Manual? 0 Play Time 00:21:28 Cumulative 16.4 hours Start 2019.12.19 @ 17:19:04 End 2019.12.19 @ 17:40:03 Sessions 1 Manual Loads 0 Difficulty Rogue Special Mode None Game No. 24 Rogue 24 Adventurer 0 Explorer 0 Win Type - Total 0 Types 0/0/0/0/0/0/0 Lore% 21 Gallery% 30 Achievement% 24 Wizard Run 0 Options --------- ASCII 0 Keyboard 0 Movement Numpad Keybinds 0 Fullscreen 1 Font 12/Terminus Map View 83x54 Tactical HUD 1 Map Filters NONE Filters NONE Steam 1 RUN: 17bf82f6-7755-48d8-a0ab-738413c16e9f